 Dungeon Crawl Stone Soup version 0.26.1-12-g5ba1501909 (webtiles) character file.

Game seed: 6492356270789995169

25 worthlessgem the Digger (level 3, 8/24 HPs)
             Began as a Formicid Earth Elementalist on Oct 6, 2021.
             Quit the game on level 3 of the Dungeon.
             The game lasted 00:04:57 (1768 turns).

worthlessgem the Digger (FoEE)                      Turns: 1768, Time: 00:04:58

Health: 8/24       AC:  3    Str: 12    XL:     3   Next: 17%
Magic:  6/6        EV: 12    Int: 15    God:
Gold:   38         SH:  0    Dex: 11    Spells: 5/6 levels left

rFire    . . .     SeeInvis +   b - +0 hand axe
rCold    . . .     Faith    .   (no shield)
rNeg     . . .     Spirit   .   c - +0 robe
rPois    .         Reflect  .   (helmet unavailable)
rElec    .         Harm     .   (no cloak)
rCorr    .         Rampage  .   (no gloves)
Will     .....                  f - +0 pair of boots
Stlth    +.........             (no amulet)
HPRegen  0.08/turn              (no ring)
MPRegen  0.10/turn              (no ring)

@: very slow
A: permanent stasis, dig shafts and tunnels, four strong arms, antennae 3
a: Dig, Shaft Self


You were on level 3 of the Dungeon.
You visited 1 branch of the dungeon, and saw 3 of its levels.

You collected 38 gold pieces.

Inventory:

Hand Weapons
 a - a +0 short sword
 b - a +0 hand axe (weapon)
Missiles
 o - 96 stones
Armour
 c - a +0 robe (worn)
 f - a +0 pair of boots (worn)
 h - a +0 chain mail
Jewellery
 e - an uncursed ring of ice {unknown}
Scrolls
 d - a scroll of remove curse {unknown}
 j - a scroll of enchant weapon {unknown}
 k - 3 scrolls of identify {unknown}
 l - a scroll of random uselessness {unknown}
 m - a scroll of amnesia {unknown}
Potions
 g - a potion of curing {unknown}
 i - a potion of haste {unknown}
 n - a potion of might {unknown}


   Skills:
 - Level 1.7 Dodging
 - Level 2.4 Stealth
 - Level 2.1 Spellcasting
 + Level 2.0 Transmutations
 * Level 4.6 Earth Magic


You had 5 spell levels left.
You knew the following spells:

 Your Spells              Type           Power        Failure   Level
a - Sandblast             Erth           30%          3%          1

Your spell library contained the following spells:

 Spells                   Type           Power        Failure   Level
 Passwall                 Tmut/Erth      9%           9%          2
 Stone Arrow              Conj/Erth      16%          26%         3
 Petrify                  Tmut/Erth      11%          50%         4
 Lee's Rapid Deconstruct  Erth           7%           67%         5


Dungeon Overview and Level Annotations

Branches:
Dungeon (2/15)

Altars:
Cheibriados
Yredelemnul

Annotations:
D:2 Robin
D:3 1 runed translucent door


Innate Abilities, Weirdness & Mutations

You cannot be hasted, slowed, berserked, paralysed or teleported.
You can dig through walls and to a lower floor.
Your four strong arms can wield two-handed weapons with a shield.
You have a pair of large antennae on your head. (SInv)


Message History

The leopard gecko bites you. The leopard gecko misses you.
Your unstable footing causes you to fumble your attack.
The dart slug launches a dart at you. The slug dart misses you.
The leopard gecko bites you.
You hit the leopard gecko.
The leopard gecko is severely wounded.
You hit the dart slug but do no damage. The leopard gecko closely misses you.
The dart slug splashes around in the water.
The leopard gecko bites you but does no damage.
You closely miss the leopard gecko.
The leopard gecko is severely wounded.
You hit the dart slug.
The leopard gecko splashes around in the water.
The dart slug bites you. The leopard gecko bites you.
You are too injured to fight recklessly!
You are too injured to fight recklessly!
You are too injured to fight recklessly!
You are too injured to fight recklessly!
You are too injured to fight recklessly!
Are you sure you want to abandon this character and quit the game? (Confirm with "yes".)

##############.#
.#######..............#
............###########
# ?######.##### .
....(...# #. .####...##
#) #.!.....######.#
#..#####..#≈≈≈..# ..
###@≈≈≈≈.# # #_lw.≈≈...
##≈≈≈≈≈... ..≈≈≈?##.
..###... #.## .... #.
... .. ..


You could see a dart slug and a leopard gecko.

Vanquished Creatures
  A leopard gecko (D:1)
  7 bats
  2 giant cockroaches (D:1)
  2 goblins (D:1)
  2 hobgoblins (D:1)
  A ball python (D:1)
  A frilled lizard (D:1)
  4 kobolds (D:1)
  2 rats (D:1)
22 creatures vanquished.

Vanquished Creatures (others)
  A fungus (D:3)
1 creature vanquished.

Grand Total: 23 creatures vanquished

Notes
Turn   | Place    | Note
-------+----------+-------------------------------------------
     0 | D:1      | worthlessgem the Formicid Earth Elementalist began the
                  | quest for the Orb.
     0 | D:1      | Reached XP level 1. HP: 13/13 MP: 3/3
   205 | D:1      | Reached skill level 4 in Earth Magic
   205 | D:1      | Reached XP level 2. HP: 13/19 MP: 3/5
   889 | D:1      | Reached XP level 3. HP: 18/24 MP: 6/6
  1517 | D:2      | Noticed Robin
  1525 | D:2      | Found a basalt altar of Yredelemnul.
  1546 | D:2      | You fall into a shaft and drop 1 floor!
  1725 | D:3      | Found a runed translucent door.
  1762 | D:3      | Found a snail-covered altar of Cheibriados.
  1768 | D:3      | Quit the game

Illustrated notes

Levels and vault maps discovered:
D:1:      psy_arrival_basics, layout_basic
D:2:      layout_basic, lemuel_crystal_altar, marbit_many_paths,
          chequers_serial_rivers_micro_b, uniq_jessica, uniq_robin
D:3:      layout_rooms, kennysheep_slug_shrine, gammafunk_ghost_cemetery,
          uniq_grinder, uniq_crazy_yiuf_cottage

Skill      XL: |  1  2  3 |
---------------+----------+-----
Earth Magic    | 4 |  4.6
Transmutations | 2 |  2.0
Dodging        | |  1.7
Stealth        | |  2.4
Spellcasting   | |  2.1

Action                   || total
-------------------------++-------
Melee: Short sword       ||   104
       Unarmed           ||     7
       Hand axe          ||    15
 Cast: Sandblast         ||     9
 Abil: Dig               ||     3
       Shaft Self        ||     1
 Stab: Sleeping          ||     1
Armor: Robe              ||    22
       Chain mail        ||    61
Dodge: Dodged            ||    63
